 Dungeon Crawl Stone Soup version 0.25-a0-420-g1cc7eeb0d1 (webtiles) character file.

Game seed: 3435857621705453447, levelgen mode: deterministic

689 ReteAZ the Cleaver (level 7, -5/57 HPs)
             Began as a Minotaur Monk on Jan 19, 2020.
             Was a Believer of Okawaru.
             Slain by a troll (7 damage)
             ... on level 5 of the Dungeon.
             The game lasted 00:07:26 (4450 turns).

ReteAZ the Cleaver (Minotaur Monk)                  Turns: 4450, Time: 00:07:27

Health: -5/57      AC: 10    Str: 17    XL:     7   Next: 36%
Magic:  6/6        EV:  7    Int:  7    God:    Okawaru [**....]
Gold:   179        SH:  4    Dex: 13    Spells: 6/6 levels left

rFire    . . .     SeeInvis .   j - +0 war axe
rCold    . . .     Gourm    .   f - +0 buckler
rNeg     . . .     Faith    .   i - +0 chain mail
rPois    .         Spirit   .   (helmet restricted)
rElec    .         Reflect  .   (no cloak)
rCorr    .         Harm     .   (no gloves)
MR       .....                  e - +1 pair of boots {run}
Stlth    ..........             (no amulet)
HPRegen  0.19/turn              (no ring)
MPRegen  0.10/turn              (no ring)

@: quick
A: retaliatory headbutt, horns 2
a: Heroism, Renounce Religion


You were on level 5 of the Dungeon.
You worshipped Okawaru.
Okawaru was pleased with you.
You were hungry.

You visited 2 branches of the dungeon, and saw 6 of its levels.

You collected 179 gold pieces.

Inventory:

Hand Weapons
 a - a +0 hand axe
 j - a +0 war axe (weapon)
Missiles
 x - 4 poisoned darts (quivered)
Armour
 b - a +0 robe
 d - a +0 ring mail
 e - a +1 pair of boots of running (worn)
 f - a +0 buckler (worn)
 i - a +0 chain mail (worn)
 n - a +0 leather armour
Jewellery
 v - an uncursed amulet of faith
Scrolls
 g - 6 scrolls of teleportation
 h - 2 scrolls of identify
 k - 2 scrolls of remove curse {unknown}
 m - 2 scrolls of fog {unknown}
 o - a scroll of noise {unknown}
 p - 2 scrolls of fear {unknown}
 q - 2 scrolls of amnesia {unknown}
 r - a scroll of random uselessness {unknown}
Potions
 s - 2 potions of heal wounds
 t - a potion of cancellation
 u - a potion of degeneration
 w - a potion of lignification
Comestibles
 c - 14 rations
 l - a chunk of flesh


   Skills:
 - Level 3.6 Fighting
 * Level 9.8 Axes
 - Level 2.2 Armour
 - Level 3.2 Dodging
 - Level 1.5 Stealth
 - Level 1.4 Shields


You had 6 spell levels left.
You didn't know any spells.
Your spell library was empty.

Dungeon Overview and Level Annotations

Branches:
Dungeon (5/15)             Temple (1/1) D:4

Altars:
Ashenzari
Cheibriados
Dithmenos
Elyvilon
Fedhas
Gozag
Hepliaklqana
Makhleb
Nemelex Xobeh
Okawaru
Qazlal
Ru
Sif Muna
Trog
Uskayaw
Vehumet
Wu Jian
Xom
The Shining One


Innate Abilities, Weirdness & Mutations

You reflexively headbutt those who attack you in melee.
You have a pair of horns on your head.


Message History

* * * LOW HITPOINT WARNING * * *
The troll completely misses you. The troll barely misses you.
You furiously retaliate!
You headbutt the troll. You block the troll's attack. The troll claws you.
* * * LOW HITPOINT WARNING * * *
You hit the troll but do no damage. Your headbutt misses the troll.
The troll is almost dead.
The troll barely misses you. You furiously retaliate!
You headbutt the troll. The troll claws you but does no damage.
The troll barely misses you.
Throwing (i - inventory)
x - 5 poisoned darts (quivered)
Press: ? - help, Shift-Dir - straight line, f/p - troll
Aim: a troll (almost dead)
You throw a poisoned dart.
The poisoned dart closely misses the troll.
You barely miss the troll. Your headbutt misses the troll.
The troll is almost dead.
The troll bites you.
* * * LOW HITPOINT WARNING * * *
The troll claws you!
You die...

#####..)##.......^.
#(.....(..........
#.##.#####..#####.
#.##.# #..# $
#(##.# #.... #(##.#
##.### #.##.# #.#
#T##.# .# #@##.# ?#
#(# #.. ####


You could see a troll.

Vanquished Creatures
  A necrophage (D:4)
  2 scorpions (D:5)
  A howler monkey (D:4)
  A hound (D:5)
  3 orc wizards
  Terence (D:2)
  A worker ant (D:4)
  Robin (D:2)
  3 gnolls (D:3)
  7 adders
  3 river rats (D:5)
  A shadow imp (D:5)
  2 adder skeletons
  A worm (D:4)
  2 dart slugs
  5 leopard geckos
  15 orcs
  4 ball pythons
  13 bats
  7 giant cockroaches
  23 goblins
  15 hobgoblins
  5 jackals
  3 quokkas
  3 frilled lizards
  A jackal skeleton (D:4)
  13 kobolds
  A leopard gecko skeleton (D:3)
  8 rats
146 creatures vanquished.

Notes
Turn   | Place    | Note
-------+----------+-------------------------------------------
     0 | D:1      | ReteAZ the Minotaur Monk began the quest for the Orb.
     0 | D:1      | Reached XP level 1. HP: 19/19 MP: 0/0
    56 | D:1      | Identified a +1 pair of boots of running (You found it on
                  | level 1 of the Dungeon)
   102 | D:1      | Reached skill level 4 in Axes
   200 | D:1      | Reached XP level 2. HP: 26/26 MP: 1/1
   432 | D:1      | Reached skill level 5 in Axes
   488 | D:1      | Reached XP level 3. HP: 29/31 MP: 2/2
  1038 | D:2      | Noticed Robin
  1045 | D:2      | Killed Robin
  1052 | D:2      | Reached skill level 6 in Axes
  1052 | D:2      | Reached XP level 4. HP: 20/39 MP: 3/3
  1247 | D:2      | Found a glowing golden altar of the Shining One.
  1663 | D:2      | Noticed Terence
  2003 | D:3      | Reached XP level 5. HP: 43/45 MP: 4/4
  2008 | D:3      | Reached skill level 7 in Axes
  2058 | D:3      | Reached skill level 1 in Armour
  2219 | D:3      | Found a shattered altar of Ashenzari.
  2545 | D:4      | Reached skill level 1 in Shields
  2654 | D:4      | Reached XP level 6. HP: 49/51 MP: 5/5
  2661 | D:4      | Found a hide-covered altar of Uskayaw.
  2684 | D:4      | Reached skill level 8 in Axes
  2837 | D:4      | Found a staircase to the Ecumenical Temple.
  2847 | Temple   | Entered the Ecumenical Temple
  3070 | Temple   | Became a worshipper of Warmaster Okawaru
  3070 | Temple   | Reached * piety under Okawaru
  3070 | Temple   | Reached ** piety under Okawaru
  3611 | D:2      | Killed Terence
  3687 | D:5      | Entered Level 5 of the Dungeon
  3715 | D:5      | Reached skill level 9 in Axes
  3731 | D:5      | Reached XP level 7. HP: 51/57 MP: 6/6
  3754 | D:5      | Found a stormy altar of Qazlal.
  3770 | D:5      | Found a snail-covered altar of Cheibriados.
  4399 | D:5      | Noticed a troll
  4450 | D:5      | HP: 2/57 [troll (5)]
  4450 | D:5      | Slain by a troll

Levels and vault maps discovered:
D:1:      wander_arrival_chamber, layout_loops_corners, st_stairs_1,
          kennysheep_decorative_pillar, minmay_3d_cube
D:2:      layout_loops_cross, lemuel_crystal_altar, first_ration, uniq_robin,
          uniq_terence
D:3:      corexii_shack_village, layout_basic, ashenzari_altar_1
D:4:      layout_loops_ring, lemuel_doored_altar,
          minmay_temple_entry_glassed_door, minivault_14, grunt_ministairs_7,
          hangedman_decor_peaks_small
D:5:      lemuel_ratsnest, layout_loops_ring, nicolae_overflow_crystal_walls,
          lemuel_crystal_altar
Temple:   dpeg_chambers_temple

Skill      XL: |  1  2  3  4  5  6 |
---------------+-------------------+-----
Axes           | 4 5 6 7 9 |  9.8
Armour         | 1 2 |  2.2
Shields        | 1 |  1.4
Fighting       | |  3.6
Dodging        | |  3.2
Stealth        | |  1.5

Action                   |  1- 3 |  4- 6 |  7- 9 || total
-------------------------+-------+-------+-------++-------
Melee: Hand axe          |    76 |   161 |       ||   237
       Headbutt          |    12 |    38 |    13 ||    63
       War axe           |       |    55 |    56 ||   111
Throw: Dart              |       |       |     6 ||     6
  Use: Potion            |       |     3 |       ||     3
       Scroll            |       |     4 |     3 ||     7
 Stab: Sleeping          |     6 |     2 |       ||     8
  Eat: Chunk             |       |     8 |     2 ||    10
Armor: Robe              |    18 |       |       ||    18
       Leather armour    |     2 |    15 |       ||    17
       Chain mail        |       |    56 |    36 ||    92
       Ring mail         |       |     5 |       ||     5
Dodge: Dodged            |    46 |    96 |    17 ||   159
Block: Buckler           |     7 |    36 |     8 ||    51

Table legend:
 A = Non-vault XP
 B = Vault XP
 C = Vault XP percentage of total XP
 D = Non-vault monster count
 E = Vault monster count
 F = Vault count percentage of total count
                 A         B        C        D         E       F
            +---------+---------+-------+---------+---------+-------
      Total |     780 |     205 |  20.8 |     101 |      45 |  30.8
            +---------+---------+-------+---------+---------+-------
        D:1 |      48 |      14 |  22.6 |      28 |       8 |  22.2
        D:2 |      61 |      75 |  55.1 |      23 |      14 |  37.8
        D:3 |      94 |      20 |  17.5 |      18 |      11 |  37.9
        D:4 |     275 |      51 |  15.6 |      17 |       5 |  22.7
        D:5 |     302 |      45 |  13.0 |      15 |       7 |  31.8
            +---------+---------+-------+---------+---------+-------
